[Event "Titled Tuesday Blitz January 10 Early 2023"]
[White "Ankerst, Mihael"]
[Black "Mika, Tomasz"]
[WhiteFideId "14602369"]
[BlackFideId "1132970"]
[WhiteElo "2370"]
[BlackElo "2169"]
[Result "0-1"]
[Round "02"]
[TimeControl "180+2"]
[Date "2023.01.10"]
[WhiteClock "0:00:36"]
[BlackClock "0:01:23"]

1. e4 c6 2. d4 d5 3. e5 Bf5 4. Nf3 e6 5. Be2 c5 6. c4 cxd4 7. Nxd4 Bb4+ 8. Nc3 Ne7 9. O-O Bxc3 10. bxc3 O-O 11. Nxf5 Nxf5 12. Bf3 Nh4 13. Rb1 Nxf3+ 14. Qxf3 Nc6 15. cxd5 exd5 16. Bf4 Qd7 17. Rfd1 Rfd8 18. Bg5 Nxe5 19. Qg3 Re8 20. Bf6 Ng6 21. Bd4 b6 22. h4 h5 23. a4 Re4 24. a5 Rg4 25. Qf3 Nxh4 0-1


[Site "https://www.chess.com"]

[Event "Titled Tuesday Blitz January 10 Early 2023"]
[White "Reprintsev, Alexander"]
[Black "Broca Jimenez, Fernando"]
[WhiteFideId "14100541"]
[BlackFideId "5104742"]
[WhiteElo "2253"]
[BlackElo "2075"]
[Result "1-0"]
[Round "02"]
[TimeControl "180+2"]
[Date "2023.01.10"]
[WhiteClock "0:01:25"]
[BlackClock "0:00:04"]

1. e4 c5 2. b3 Nc6 3. Bb2 d6 4. Bb5 Bd7 5. Ne2 Nf6 6. f3 g6 7. d4 cxd4 8. Nxd4 Bg7 9. Nc3 O-O 10. a4 Rc8 11. Bxc6 Bxc6 12. O-O Qb6 13. Kh1 Ng4 14. Nxc6 Rxc6 15. Nd5 Nf2+ 16. Rxf2 Qxf2 17. Nxe7+ Kh8 18. Bxg7+ Kxg7 19. Nxc6 bxc6 20. c4 Qc5 21. Qd3 Rd8 22. Rd1 a5 23. Qd4+ Qxd4 24. Rxd4 Kf6 25. f4 Ke6 26. g3 Rb8 27. Rd3 f5 28. exf5+ Kxf5 29. Kg2 Ke6 30. Kf3 d5 31. cxd5+ cxd5 32. Ke3 Kd6 33. Rc3 Re8+ 34. Kd3 Re7 35. Rc8 Re1 36. Ra8 Rb1 37. Kc3 Rh1 38. Ra6+ Kd7 39. Rxa5 Rxh2 40. Rxd5+ Ke6 41. Rd3 1-0


[Site "https://www.chess.com"]

[Event "Titled Tuesday Blitz January 10 Early 2023"]
[White "Fishchuk, Vladyslav"]
[Black "Tomaszewski, Kacper"]
[WhiteFideId "34122117"]
[BlackFideId "1127373"]
[WhiteElo "2252"]
[BlackElo "2313"]
[Result "0-1"]
[Round "02"]
[TimeControl "180+2"]
[Date "2023.01.10"]
[WhiteClock "0:00:50"]
[BlackClock "0:01:49"]

1. Nc3 d5 2. e4 c6 3. Nf3 Bg4 4. h3 Bxf3 5. Qxf3 e6 6. Be2 Nf6 7. O-O Be7 8. Rd1 d4 9. Nb1 h5 10. g3 Nbd7 11. d3 Rg8 12. Nd2 g5 13. Qg2 Ne5 14. Nc4 Nxc4 15. dxc4 e5 16. c3 c5 17. Qf3 Qd7 18. Kg2 O-O-O 19. b4 g4 20. hxg4 hxg4 21. Qe3 dxe3 22. Bxe3 Qc6 23. Rd5 Nxd5 24. cxd5 Rxd5 25. exd5 Qxd5+ 26. f3 gxf3+ 27. Bxf3 e4 28. Be2 Qe5 29. g4 f5 30. Rf1 fxg4 31. Rf7 Bd6 0-1


[Site "https://www.chess.com"]

[Event "Titled Tuesday Blitz January 10 Early 2023"]
[White "Mortazavi, Ali"]
[Black "Lopez Del Alamo, Antonio"]
[WhiteFideId "401323"]
[BlackFideId "2227339"]
[WhiteElo "2333"]
[BlackElo "2280"]
[Result "1-0"]
[Round "02"]
[TimeControl "180+2"]
[Date "2023.01.10"]
[WhiteClock "0:00:54"]
[BlackClock "0:00:05"]

1. e4 c5 2. Nc3 e6 3. Nf3 Nc6 4. g3 d5 5. exd5 exd5 6. Bg2 d4 7. Ne2 Nf6 8. O-O Be7 9. d3 O-O 10. c4 dxc3 11. bxc3 Nd5 12. Re1 Bf6 13. d4 cxd4 14. cxd4 Be6 15. Rb1 b6 16. h4 h6 17. Qa4 Ncb4 18. Ne5 Rc8 19. a3 Nc2 20. Rd1 Qc7 21. Nf4 Nxf4 22. Bxf4 Qc3 23. Qxa7 Qxa3 24. Qxb6 1-0


[Site "https://www.chess.com"]

[Event "Titled Tuesday Blitz January 10 Early 2023"]
[White "Aspire_ie"]
[Black "Ibadov, Dashgyn"]
[BlackFideId "24107514"]
[WhiteElo "2307"]
[BlackElo "2391"]
[Result "0-1"]
[Round "02"]
[TimeControl "180+2"]
[Date "2023.01.10"]
[WhiteClock "0:00:07"]
[BlackClock "0:00:11"]

1. e4 e5 2. Nf3 Nc6 3. Bb5 a6 4. Ba4 Nf6 5. O-O Be7 6. Re1 b5 7. Bb3 d6 8. a4 Bg4 9. c3 O-O 10. h3 Bh5 11. d3 b4 12. a5 bxc3 13. bxc3 d5 14. exd5 Nxd5 15. g4 Bg6 16. Ba4 Nxa5 17. Nxe5 Bd6 18. Nc6 Qh4 19. Qf3 f5 20. Qxd5+ Kh8 21. Nxa5 fxg4 22. Be3 gxh3 23. Nd2 Rad8 24. Qc6 Rf6 25. Qb7 Rdf8 26. Ne4 Qg4+ 27. Ng3 Bxg3 28. fxg3 Qxg3+ 29. Kh1 Bh5 30. Bc6 Rxc6 31. Qxc6 Bf3+ 32. Qxf3 Qxf3+ 33. Kg1 Qg2# 0-1


[Site "https://www.chess.com"]

[Event "Titled Tuesday Blitz January 10 Early 2023"]
[White "Zanette, Edgard Vinicius"]
[Black "surrenderPLS"]
[WhiteFideId "2109263"]
[WhiteElo "2085"]
[BlackElo "2533"]
[Result "0-1"]
[Round "02"]
[TimeControl "180+2"]
[Date "2023.01.10"]
[WhiteClock "0:00:03"]
[BlackClock "0:00:18"]

1. e4 c5 2. Nf3 d6 3. d4 cxd4 4. Nxd4 Nf6 5. Nc3 a6 6. Bg5 e6 7. f4 Be7 8. Qf3 Qc7 9. O-O-O Nbd7 10. g4 b5 11. Bxf6 Nxf6 12. g5 Nd7 13. a3 Bb7 14. Kb1 Rc8 15. h4 Nc5 16. Rh2 h6 17. g6 f5 18. Bd3 Bf6 19. Ndxb5 axb5 20. Nxb5 Qb6 21. Nxd6+ Kf8 22. Nc4 Qc7 23. Qf1 fxe4 24. Be2 Na4 25. Qh3 Nxb2 26. Qxe6 Nxd1 27. Bg4 Nc3+ 28. Kc1 Qxc4 29. Qd6+ Be7 30. Qe5 Bxa3+ 31. Kd2 Rd8+ 32. Ke3 Bc5+ 0-1


[Site "https://www.chess.com"]

[Event "Titled Tuesday Blitz January 10 Early 2023"]
[White "Gheorghiu, Calin"]
[Black "Blokhin, Sofia"]
[WhiteFideId "1200305"]
[BlackFideId "4508190"]
[WhiteElo "2313"]
[BlackElo "2062"]
[Result "1-0"]
[Round "02"]
[TimeControl "180+2"]
[Date "2023.01.10"]
[WhiteClock "0:00:09"]
[BlackClock "0:00:04"]

1. b3 d5 2. Bb2 e6 3. Nf3 Nf6 4. g3 Be7 5. Bg2 O-O 6. O-O c5 7. d3 Nc6 8. Nbd2 b6 9. e4 Bb7 10. Re1 d4 11. e5 Nd7 12. Qe2 Qc7 13. h4 Nb4 14. Nf1 Nd5 15. h5 h6 16. N1h2 a5 17. a4 Kh7 18. Ng4 Bg5 19. Nxg5+ hxg5 20. Bc1 Nc3 21. Qf1 f6 22. exf6 Nxf6 23. Nxf6+ gxf6 24. Rxe6 Rae8 25. Rxe8 Rxe8 26. Bd2 Qf7 27. Bxc3 dxc3 28. Bxb7 Qxb7 29. Re1 Rf8 30. Qe2 Rf7 31. Qg4 Qd5 32. Re8 Kg7 33. Qc8 f5 34. Rg8+ Kf6 35. Rg6+ Ke7 36. Qc7+ Qd7 37. Qe5+ Kd8 38. Rg8+ 1-0


[Site "https://www.chess.com"]

[Event "Titled Tuesday Blitz January 10 Early 2023"]
[White "Slovineanu, Viacheslav"]
[Black "Nguyen Hong Nhung"]
[WhiteFideId "13900510"]
[BlackFideId "12412201"]
[WhiteElo "2412"]
[BlackElo "2003"]
[Result "0-1"]
[Round "02"]
[TimeControl "180+2"]
[Date "2023.01.10"]
[WhiteClock "0:00:03"]
[BlackClock "0:00:45"]

1. e4 c5 2. Nf3 e6 3. d4 cxd4 4. Nxd4 Nc6 5. Nc3 Qc7 6. f3 a6 7. Be3 Nf6 8. Qd2 Ne5 9. O-O-O Bb4 10. Nde2 b5 11. Bf4 d6 12. Kb1 Bc5 13. Nd4 Bb7 14. Bxb5+ axb5 15. Ndxb5 Qb6 16. Nxd6+ Bxd6 17. Qxd6 Qxd6 18. Rxd6 Ned7 19. Rhd1 e5 20. Be3 Ke7 21. R6d2 Rhd8 22. a3 Bc6 23. Ka2 Rdb8 24. b3 Nf8 25. Bc5+ Ke8 26. Bxf8 Kxf8 27. Nb1 Ke7 28. c4 Nd7 29. Nc3 Nc5 30. b4 Rxb4 31. Nd5+ Bxd5 32. Rxd5 Rb3 0-1


[Site "https://www.chess.com"]

[Event "Titled Tuesday Blitz January 10 Early 2023"]
[White "Ansh M Shah"]
[Black "Lacasa Diaz, Jose Antonio"]
[WhiteFideId "25033379"]
[BlackFideId "2203375"]
[WhiteElo "2171"]
[BlackElo "2359"]
[Result "0-1"]
[Round "02"]
[TimeControl "180+2"]
[Date "2023.01.10"]
[WhiteClock "0:00:03"]
[BlackClock "0:01:09"]

1. d4 d5 2. c4 e6 3. g3 c5 4. Bg2 Nc6 5. Nf3 Nf6 6. O-O cxd4 7. Nxd4 Bc5 8. Nxc6 bxc6 9. Nd2 O-O 10. b3 e5 11. Bb2 Re8 12. Rc1 Bd6 13. cxd5 cxd5 14. Nc4 Bc7 15. Ne3 Bb7 16. Qc2 Bb6 17. Rfd1 Bxe3 18. fxe3 Qb6 19. Qc5 Qa6 20. Rc2 h5 21. Rdc1 Ng4 22. h3 Rac8 23. hxg4 Rxc5 24. Rxc5 Qxe2 25. R1c2 Qxe3+ 26. Kh2 hxg4 27. Bxd5 Bxd5 28. Rxd5 Re6 29. Rdd2 Rh6+ 30. Kg2 Qf3+ 31. Kg1 Rh1# 0-1


[Site "https://www.chess.com"]

[Event "Titled Tuesday Blitz January 10 Early 2023"]
[White "Grot, Blazej"]
[Black "Gaitan, Juan Manuel"]
[WhiteFideId "21835845"]
[BlackFideId "121657"]
[WhiteElo "1990"]
[BlackElo "2328"]
[Result "0-1"]
[Round "02"]
[TimeControl "180+2"]
[Date "2023.01.10"]
[WhiteClock "0:00:10"]
[BlackClock "0:00:34"]

1. e4 e6 2. d4 d5 3. Nc3 Nf6 4. e5 Nfd7 5. f4 c5 6. Nf3 Nc6 7. Be3 a6 8. Qd2 b5 9. Be2 b4 10. Nd1 a5 11. O-O Ba6 12. Bxa6 Rxa6 13. Kh1 Be7 14. Nf2 a4 15. a3 bxa3 16. Rxa3 cxd4 17. Nxd4 Nxd4 18. Bxd4 Bxa3 19. bxa3 O-O 20. Ng4 Rc6 21. c3 Nc5 22. f5 exf5 23. Rxf5 Ne4 24. Qe3 Qc8 25. Rf4 Nxc3 26. h3 Ne4 27. Nf6+ gxf6 28. Rg4+ Kh8 29. Qh6 Rg8 30. exf6 Rc1+ 31. Kh2 Qc7+ 32. Rf4 Rf1 33. g3 Qc2+ 0-1


[Site "https://www.chess.com"]

[Event "Titled Tuesday Blitz January 10 Early 2023"]
[White "Kuznetsova, Olga"]
[Black "Ruiz Aguilar, Pablo Alexander"]
[WhiteFideId "4191323"]
[BlackFideId "4401352"]
[WhiteElo "2142"]
[BlackElo "2161"]
[Result "1-0"]
[Round "02"]
[TimeControl "180+2"]
[Date "2023.01.10"]
[WhiteClock "0:00:19"]
[BlackClock "0:00:07"]

1. d4 d5 2. Bf4 Nf6 3. e3 c5 4. c3 Nc6 5. Nd2 Qb6 6. Qb3 c4 7. Qxb6 axb6 8. a3 Bf5 9. f3 e6 10. h4 h5 11. Nh3 Be7 12. Nf2 b5 13. Rc1 Kd7 14. e4 Bg6 15. Bg5 Rhc8 16. g4 hxg4 17. e5 Ng8 18. Bxe7 Ngxe7 19. fxg4 Re8 20. h5 Bh7 21. Nh3 f6 22. exf6 gxf6 23. Be2 e5 24. dxe5 Nxe5 25. O-O Rg8 26. Rf4 Nd3 27. Bxd3 Bxd3 28. Re1 d4 29. Rxd4+ Ke8 30. Rf4 Kd7 31. Ne4 Nd5 32. Nc5+ Kc6 33. Nxd3 cxd3 34. Rd4 d2 35. Re6+ Kd7 36. Ree4 Kd6 37. Rxd2 f5 38. Red4 Rxg4+ 39. Rxg4 fxg4 40. Nf4 Ke5 41. Nxd5 Rd8 42. h6 Rh8 43. Ne3 Kf4 44. Ng2+ Ke4 45. Rd6 g3 46. Nh4 Rh7 47. Kg2 Kf4 48. Rg6 Ke4 49. Kxg3 Kd3 50. Nf5 Kc2 51. b4 Kxc3 52. Rg7 Rh8 53. h7 Kb3 54. Ne7 Kxa3 55. Ng6 Rxh7 56. Rxh7 Kxb4 57. Kf4 Kc3 58. Ke3 b4 59. Rc7+ Kb2 60. Kd3 b3 61. Ne5 b5 62. Rb7 Kc1 63. Nf3 b2 64. Nd2 b1=Q+ 65. Nxb1 Kxb1 66. Rxb5+ Ka2 67. Kc3 Ka1 68. Kc2 Ka2 69. Ra5# 1-0


[Site "https://www.chess.com"]

[Event "Titled Tuesday Blitz January 10 Early 2023"]
[White "Shuvalov, Evgenij"]
[Black "Hercegovac, Neven"]
[WhiteFideId "4187237"]
[BlackFideId "2839135"]
[WhiteElo "2038"]
[BlackElo "2168"]
[Result "1-0"]
[Round "02"]
[TimeControl "180+2"]
[Date "2023.01.10"]
[WhiteClock "0:00:14"]
[BlackClock "0:01:06"]

1. d4 g6 2. c4 Bg7 3. e4 d6 4. Nc3 c5 5. Be3 Nc6 6. d5 Nd4 7. Nge2 Nxe2 8. Bxe2 Nf6 9. O-O O-O 10. f4 e6 11. Bf2 exd5 12. cxd5 Re8 13. Bf3 a6 14. a4 Qb6 15. Ra3 Bd7 16. Rb3 Qc7 17. Re1 Rab8 18. e5 dxe5 19. fxe5 Qc8 20. exf6 Bxf6 21. Rxe8+ Qxe8 22. Bxc5 Bxa4 23. Nxa4 Qxa4 24. Rd3 Qc4 25. Bd4 Be7 26. Kh1 Re8 27. Bc3 Bb4 28. Rd4 Qb3 29. Qxb3 Bxc3 30. Qxc3 1-0


[Site "https://www.chess.com"]

[Event "Titled Tuesday Blitz January 10 Early 2023"]
[White "Bobomurodova, Maftuna"]
[Black "Najdin, Danil"]
[WhiteFideId "14207400"]
[BlackFideId "4172426"]
[WhiteElo "1946"]
[BlackElo "2235"]
[Result "0-1"]
[Round "02"]
[TimeControl "180+2"]
[Date "2023.01.10"]
[WhiteClock "0:00:15"]
[BlackClock "0:00:59"]

1. e4 g6 2. d4 c6 3. Nc3 d5 4. Nf3 Bg7 5. Be2 Bg4 6. O-O e6 7. h3 Bxf3 8. Bxf3 Nf6 9. Be3 dxe4 10. Nxe4 Nxe4 11. Bxe4 Nd7 12. c3 O-O 13. Qd2 Nf6 14. Bc2 Nd5 15. Rae1 Qd6 16. Bb3 a5 17. Bxd5 cxd5 18. Bf4 Qd7 19. Bh6 b5 20. Bxg7 Kxg7 21. h4 h5 22. Qg5 Qd8 23. Qe5+ Qf6 24. f4 Qxe5 25. fxe5 Ra7 26. Kh2 Rc8 27. Kh3 b4 28. Re3 bxc3 29. bxc3 Rb7 30. Rf2 a4 31. g4 hxg4+ 32. Kxg4 Rb1 33. Ref3 Rc7 34. Rg2 a3 35. h5 Rb2 36. Rg1 gxh5+ 37. Kxh5+ Kf8 38. Rfg3 Rxa2 39. Rb1 Rb2 40. Ra1 a2 41. Kg5 Ke7 42. Kf4 Ra7 43. Rgg1 Rc2 44. Rh1 Rxc3 45. Rh2 Rd3 46. Rhxa2 Rxa2 47. Rxa2 Rxd4+ 48. Kf3 Re4 49. Ra7+ Kf8 50. Rb7 Rxe5 51. Kf4 Rf5+ 52. Ke3 Kg7 53. Kd4 Kf6 54. Rb8 Rf4+ 55. Ke3 Ke5 56. Re8 Ra4 57. Kd3 Ra3+ 58. Kc2 f5 59. Rf8 f4 0-1


[Site "https://www.chess.com"]

[Event "Titled Tuesday Blitz January 10 Early 2023"]
[White "Vagman, Roy"]
[Black "Sovetbekova, Nurai"]
[WhiteFideId "2828995"]
[BlackFideId "13801910"]
[WhiteElo "2273"]
[BlackElo "1764"]
[Result "0-1"]
[Round "02"]
[TimeControl "180+2"]
[Date "2023.01.10"]
[WhiteClock "0:00:04"]
[BlackClock "0:00:10"]

1. g3 Nf6 2. Bg2 g6 3. e4 d6 4. d4 Bg7 5. Ne2 O-O 6. O-O e5 7. Nbc3 Nc6 8. d5 Ne7 9. b4 c6 10. dxc6 Nxc6 11. b5 Ne7 12. Ba3 d5 13. exd5 Bg4 14. h3 Bxe2 15. Qxe2 Re8 16. d6 Nf5 17. Bxb7 Rb8 18. Bc6 Re6 19. Rad1 Nd4 20. Qd3 Bf8 21. Bc5 Bxd6 22. Bxa7 Nxc6 23. Bxb8 Nxb8 24. b6 Qxb6 25. Rb1 Qd8 26. Rfd1 Qf8 27. Nb5 Bc5 28. Nc7 Rd6 29. Qf3 Nbd7 30. Rxd6 Qxd6 31. Nb5 Qd2 32. Rd1 Qxc2 33. Rf1 Qxa2 34. Nc3 Qc2 35. g4 Kg7 36. g5 Nh5 37. Ne4 Bb6 38. Rd1 Qc7 39. Qd3 Nc5 40. Qd5 Nxe4 41. Qxe4 Nf4 42. Qf3 Qc2 43. Rd7 Bd4 44. Rxd4 Nxh3+ 45. Qxh3 exd4 46. Qg3 Qf5 47. Kf1 d3 48. Ke1 Qe4+ 49. Kd2 Qe2+ 50. Kc3 d2 51. Qf4 d1=Q 52. Qf6+ Kf8 53. Qh8+ Ke7 54. Qf6+ Ke8 55. Qc6+ Qd7 56. Qa8+ Ke7 57. Qa3+ Ke8 58. Qa8+ Qd8 59. Qa4+ Ke7 60. Qa7+ Ke6 61. Qa6+ Qd6 62. Qxe2+ Kd7 63. Qg4+ Qe6 64. Qh4 Qe5+ 65. Kd3 Qf5+ 66. Ke2 Qe5+ 67. Kf1 Qb5+ 68. Kg1 Ke6 69. Qh3+ Qf5 70. Qe3+ Qe5 71. Qb3+ Qd5 72. Qh3+ Qf5 73. Qh4 Qb1+ 74. Kg2 Qf5 75. f4 Qe4+ 76. Kf2 Kd5 77. Kg3 Qe3+ 78. Kg2 Ke4 79. Qxh7 Qf3+ 80. Kg1 Qg3+ 81. Kf1 Qxf4+ 82. Ke1 Qe3+ 83. Kd1 Kd3 84. Qh2 Qf3+ 85. Kc1 Qf1+ 86. Kb2 Qe2+ 87. Qxe2+ Kxe2 88. Kc3 Kf3 89. Kd4 Kf4 90. Kd5 Kxg5 0-1


[Site "https://www.chess.com"]

[Event "Titled Tuesday Blitz January 10 Early 2023"]
[White "Putri, Regita Desyari"]
[Black "Pein, Jonathan"]
[WhiteFideId "7109083"]
[BlackFideId "417092"]
[WhiteElo "1863"]
[BlackElo "2265"]
[Result "0-1"]
[Round "02"]
[TimeControl "180+2"]
[Date "2023.01.10"]
[WhiteClock "0:00:04"]
[BlackClock "0:00:52"]

1. d4 e6 2. c4 b6 3. Nf3 Bb7 4. g3 f5 5. Bg2 Nf6 6. O-O Be7 7. Nc3 O-O 8. d5 Na6 9. Bf4 Qe8 10. Nd4 Bb4 11. dxe6 Bxg2 12. exd7 Qxd7 13. Kxg2 Bxc3 14. bxc3 Rad8 15. f3 Qf7 16. Qa4 Nc5 17. Qxa7 Qxc4 18. Rac1 Nd5 19. Qa3 Ra8 20. Qb2 Rxa2 21. Qb1 Ne6 22. Qxa2 Nexf4+ 23. gxf4 Qxa2 24. Kg3 Qd2 25. Ne6 Re8 26. Rfd1 Qe3 27. Rxd5 Qxc1 0-1


[Site "https://www.chess.com"]

[Event "Titled Tuesday Blitz January 10 Early 2023"]
[White "Vovk, Orest"]
[Black "Onslow, Alfie"]
[WhiteFideId "14113490"]
[BlackFideId "436976"]
[WhiteElo "2315"]
[BlackElo "2157"]
[Result "1-0"]
[Round "02"]
[TimeControl "180+2"]
[Date "2023.01.10"]
[WhiteClock "0:02:13"]
[BlackClock "0:01:57"]

1. h4 h5 2. Rh3 d5 3. Rd3 Nf6 4. c4 c6 5. cxd5 cxd5 6. Nc3 Bf5 7. Rf3 Bg4 8. Rf4 Nc6 9. Qb3 e5 10. Ra4 Qb6 11. Qxb6 axb6 12. Rxa8+ Kd7 13. e3 Nb4 14. f3 Bf5 15. Bb5+ Kc7 16. Ba4 d4 17. Nb5+ Kc6 18. Nxd4+ 1-0


[Site "https://www.chess.com"]

[Event "Titled Tuesday Blitz January 10 Early 2023"]
[White "Thiel, Thomas"]
[Black "Abdilkhair, Abilmansur"]
[WhiteFideId "4615964"]
[BlackFideId "13716417"]
[WhiteElo "2234"]
[BlackElo "2268"]
[Result "0-1"]
[Round "02"]
[TimeControl "180+2"]
[Date "2023.01.10"]
[WhiteClock "0:00:34"]
[BlackClock "0:01:16"]

1. e4 e6 2. d4 d5 3. Nc3 Bb4 4. e5 c5 5. a3 Ba5 6. b4 cxb4 7. Nb5 bxa3+ 8. c3 Ne7 9. Bxa3 Bc7 10. Bd6 Bb6 11. Bb4 O-O 12. Nd6 Nbc6 13. Ba3 f6 14. f4 fxe5 15. fxe5 Nf5 16. Nf3 Nxd6 17. Bxd6 Rf7 18. Qd2 g6 19. Bd3 Bd7 20. Ng5 Rg7 21. O-O Qe8 22. Rf8+ Qxf8 23. Bxf8 Rxf8 24. Nf3 Rgf7 25. h3 Ne7 26. Kh2 Kg7 27. Rb1 h6 28. Bb5 Bxb5 29. Rxb5 g5 30. Qb2 Ng6 31. Rxb6 axb6 32. Qxb6 Nf4 33. Kg3 Nxg2 34. Kxg2 Rxf3 35. Qxe6 Rf2+ 36. Kg1 Rb2 37. Qxd5 Ra8 38. Qd7+ Kh8 0-1


[Site "https://www.chess.com"]

[Event "Titled Tuesday Blitz January 10 Early 2023"]
[White "Ciuffoletti, Paolo"]
[Black "Buchenau, Frank"]
[WhiteFideId "807630"]
[BlackFideId "4604350"]
[WhiteElo "2106"]
[BlackElo "2222"]
[Result "0-1"]
[Round "02"]
[TimeControl "180+2"]
[Date "2023.01.10"]
[WhiteClock "0:00:08"]
[BlackClock "0:01:21"]

1. e4 e6 2. d4 d5 3. e5 c5 4. c3 Qb6 5. Nf3 Bd7 6. Be2 cxd4 7. cxd4 Bb5 8. O-O Bxe2 9. Qxe2 Nc6 10. Be3 Nge7 11. Nc3 Nf5 12. Rac1 Be7 13. Na4 Qa5 14. b3 O-O 15. Nc5 Bxc5 16. Rxc5 Qb6 17. Rfc1 Rfc8 18. g4 Nxe3 19. Qxe3 Qd8 20. Qc3 Ne7 21. Qd3 b6 22. R5c3 Rxc3 23. Rxc3 Ng6 24. Qe3 f6 25. exf6 Qxf6 26. Rc6 Nf4 27. g5 Qf5 28. Kf1 Qh3+ 29. Ke1 Ng2+ 0-1


[Site "https://www.chess.com"]

[Event "Titled Tuesday Blitz January 10 Early 2023"]
[White "Ladan, Nicholas"]
[Black "Avalos Parra, Joao"]
[WhiteFideId "30918855"]
[BlackFideId "3402541"]
[WhiteElo "2228"]
[BlackElo "2185"]
[Result "0-1"]
[Round "02"]
[TimeControl "180+2"]
[Date "2023.01.10"]
[WhiteClock "0:01:01"]
[BlackClock "0:00:16"]

1. b4 Nf6 2. Bb2 g6 3. e3 Bg7 4. d3 O-O 5. Nf3 a5 6. a3 d6 7. Nbd2 e5 8. Be2 c6 9. O-O Be6 10. c4 h6 11. h3 Nbd7 12. Qc2 Qc7 13. Rfc1 Rfe8 14. d4 e4 15. Nh2 Nf8 16. Nhf1 N8h7 17. Ng3 d5 18. cxd5 Bxd5 19. b5 h5 20. Bc4 h4 21. Bxd5 hxg3 22. Bxe4 gxf2+ 23. Kxf2 Ng5 24. Bf3 Qh2 25. Rh1 Nxh3+ 26. Ke2 Nf4+ 27. Kf2 Ng4+ 28. Bxg4 Qxg2+ 29. Ke1 Rxe3+ 30. Kd1 Qxh1+ 31. Nf1 Qxf1+ 32. Kd2 Qf2+ 33. Kc1 Re1+ 34. Bd1 Qxc2+ 35. Kxc2 Rae8 36. Ra2 Nd5 37. Bc1 Ne3+ 38. Bxe3 R8xe3 39. b6 Bxd4 40. a4 Bxb6 41. Rb2 Bd4 42. Rxb7 c5 43. Bg4 Kg7 44. Bd7 Rg1 45. Bb5 Rg2+ 46. Kd1 Ra3 47. Bd3 Rxd3+ 48. Ke1 Ra3 49. Kf1 Rf2+ 50. Kg1 Ra1+ 51. Rb1 Rxb1# 0-1


[Site "https://www.chess.com"]

[Event "Titled Tuesday Blitz January 10 Early 2023"]
[White "Mohota, Nisha"]
[Black "Arencibia Monduy, Antonio"]
[WhiteFideId "5004330"]
[BlackFideId "3507939"]
[WhiteElo "2177"]
[BlackElo "2122"]
[Result "1/2-1/2"]
[Round "02"]
[TimeControl "180+2"]
[Date "2023.01.10"]
[WhiteClock "0:00:03"]
[BlackClock "0:00:07"]

1. e4 c5 2. c3 d6 3. d4 cxd4 4. cxd4 Nf6 5. Nc3 a6 6. h3 e6 7. Nf3 Be7 8. Bd3 O-O 9. O-O Nc6 10. Be3 b5 11. a3 Bb7 12. Rc1 Rc8 13. Bb1 Na5 14. Nd2 e5 15. d5 Nd7 16. f4 exf4 17. Bxf4 Bg5 18. Qg4 Bxf4 19. Rxf4 Ne5 20. Qg3 Qb6+ 21. Kh2 b4 22. axb4 Qxb4 23. Nf3 Qxb2 24. Rc2 Qa1 25. Nxe5 dxe5 26. Rg4 g6 27. Qxe5 Nc4 28. Qd4 Na3 29. Rc1 Nxb1 30. Rxb1 Qxc3 31. Qxc3 Rxc3 32. Rxb7 f5 33. exf5 Rxf5 34. d6 Rd3 35. d7 Rfd5 36. Ra7 Rxd7 37. Rxa6 R3d6 38. Rxd6 Rxd6 39. h4 Kg7 40. Ra4 Rd3 41. g3 h5 42. Ra7+ Kf6 43. Ra5 Rc3 44. Kg2 Rc2+ 45. Kh3 Rc3 46. Rb5 Re3 47. Ra5 Re5 48. Ra6+ Kf5 49. Ra7 Rc5 50. Ra6 Rb5 51. Rc6 Ra5 52. Rb6 Ra1 53. Rc6 Rh1+ 54. Kg2 Re1 55. Rc5+ Kf6 56. Rg5 Re2+ 57. Kf3 Ra2 58. Ke3 Ra3+ 59. Kf2 Rb3 60. Kg2 Rb2+ 61. Kf3 Rb1 62. Kf2 Rb7 63. Kf3 Rc7 64. Kf2 Rc3 65. Kg2 Re3 66. Kf2 Re8 67. Ra5 Rd8 68. Ra6+ Kg7 69. Ra5 Kh6 70. Ra6 Rg8 71. Rb6 Rc8 72. Ra6 Rc2+ 73. Kf3 Rc3+ 74. Kf4 Rc4+ 75. Kf3 Rg4 76. Kf2 Rc4 77. Kf3 Kg7 78. Kf2 Rc7 79. Kf3 Rf7+ 80. Kg2 Rf5 81. Ra7+ Kh6 82. Ra6 Rd5 83. Rb6 Re5 84. Ra6 Kg7 85. Rb6 Rf5 86. Ra6 Rc5 87. Rb6 Rc2+ 88. Kf3 Rc3+ 89. Kf2 Rc7 90. Kf3 Rf7+ 91. Kg2 Rf5 1/2-1/2


[Site "https://www.chess.com"]

[Event "Titled Tuesday Blitz January 10 Early 2023"]
[White "Urbina Perez, Juan Antonio"]
[Black "Hartikainen, Jarmo"]
[WhiteFideId "2217368"]
[BlackFideId "503134"]
[WhiteElo "2266"]
[BlackElo "2108"]
[Result "1/2-1/2"]
[Round "02"]
[TimeControl "180+2"]
[Date "2023.01.10"]
[WhiteClock "0:00:12"]
[BlackClock "0:00:14"]

1. d4 Nf6 2. Nf3 g6 3. g3 Bg7 4. Bg2 O-O 5. O-O d5 6. c3 b6 7. Re1 Bb7 8. Bg5 h6 9. Bxf6 exf6 10. Nbd2 f5 11. e3 Nd7 12. c4 c5 13. cxd5 Bxd5 14. Nb3 Rc8 15. Rc1 cxd4 16. Nfxd4 Bxg2 17. Kxg2 Rxc1 18. Qxc1 Qa8+ 19. Kg1 Rc8 20. Qd2 Nc5 21. Nxc5 Rxc5 22. Rc1 Qc8 23. Rxc5 Qxc5 24. b3 Bxd4 25. exd4 Qd5 26. Qe3 Kg7 27. f3 Qe6 28. Qc3 Qd5 29. Kf2 Qe6 30. Qc4 Qd6 31. f4 Qa3 32. Qc2 Qd6 33. Qc3 Qd5 34. Qc4 Qh1 35. d5 Qxh2+ 36. Kf3 Qh1+ 37. Ke3 Qg1+ 38. Kd2 Qf2+ 39. Kc1 Qe3+ 40. Kb2 Qd2+ 41. Ka3 g5 42. fxg5 hxg5 43. Qc6 f4 44. gxf4 gxf4 45. d6 Qa5+ 46. Kb2 Qd2+ 47. Kb1 Qd1+ 48. Kb2 Qd2+ 49. Ka3 Qa5+ 50. Kb2 Qd2+ 1/2-1/2


[Site "https://www.chess.com"]

[Event "Titled Tuesday Blitz January 10 Early 2023"]
[White "Ljukin, Sergei"]
[Black "Barbashin, Igor"]
[WhiteFideId "14102200"]
[BlackFideId "4155718"]
[WhiteElo "2362"]
[BlackElo "2169"]
[Result "1-0"]
[Round "02"]
[TimeControl "180+2"]
[Date "2023.01.10"]
[WhiteClock "0:00:07"]
[BlackClock "0:00:02"]

1. e4 d5 2. exd5 Nf6 3. d4 Nxd5 4. c4 Nb6 5. Nf3 g6 6. Nc3 Bg7 7. c5 Nd5 8. Bc4 Nxc3 9. bxc3 O-O 10. O-O Nc6 11. Re1 e6 12. Bg5 Qd7 13. Bb5 a6 14. Ba4 f6 15. Bh4 b5 16. Bb3 Nd8 17. d5 e5 18. c6 Qd6 19. Nxe5 fxe5 20. Be7 Qxe7 21. d6+ Qf7 22. Bxf7+ Nxf7 23. d7 Nd6 24. Qd5+ Kh8 25. Rad1 a5 26. dxc8=Q Raxc8 27. Qe6 Rce8 28. Qg4 e4 29. Qg3 Re7 30. Qe3 Nf5 31. Qc5 Nd6 32. Qa7 Bxc3 33. Re3 b4 34. Rxd6 Ref7 35. Rd1 Rxf2 36. Rxc3 1-0


[Site "https://www.chess.com"]

[Event "Titled Tuesday Blitz January 10 Early 2023"]
[White "Valle Maytin, Luis Enrique"]
[Black "Kuchava, Ana"]
[WhiteFideId "3503666"]
[BlackFideId "13605348"]
[WhiteElo "2241"]
[BlackElo "2101"]
[Result "1-0"]
[Round "02"]
[TimeControl "180+2"]
[Date "2023.01.10"]
[WhiteClock "0:00:06"]
[BlackClock "0:00:02"]

1. e4 c5 2. Nf3 d6 3. d4 cxd4 4. Nxd4 Nf6 5. Nc3 Nc6 6. Be2 e5 7. Nb3 Be7 8. Be3 Be6 9. g4 a5 10. g5 Nd7 11. h4 a4 12. Nd2 Nc5 13. Nc4 Rb8 14. Bxc5 dxc5 15. Qxd8+ Bxd8 16. Nxa4 b5 17. Nd6+ Ke7 18. Nxb5 Nd4 19. Nxd4 cxd4 20. b3 Ba5+ 21. Kf1 Rhc8 22. Bd3 Bd7 23. Nb2 Bc3 24. Rb1 Ra8 25. a4 Be6 26. Ke2 Rf8 27. f3 f6 28. Nd1 Bb4 29. Nf2 h6 30. gxh6 gxh6 31. Rhg1 Rg8 32. Ra1 h5 33. Rab1 Kf7 34. Bb5 Rxg1 35. Rxg1 Rg8 36. Rxg8 Kxg8 37. Nd3 Bd6 38. a5 Bb8 39. Nc5 Bc8 40. a6 Kf7 41. Bc4+ Ke7 42. Bd5 Ba7 43. Bb7 Bh3 44. Na4 Bd7 45. Nb2 Bb5+ 46. Kd2 Kd6 47. c4 dxc3+ 48. Kxc3 Be2 49. b4 Bxf3 50. Nc4+ Kc7 51. Nd2 Bd4+ 52. Kd3 Kb6 53. Nxf3 Bf2 54. Nd2 Ka7 55. Nc4 Bxh4 56. Ke2 Bg3 57. b5 h4 58. b6+ Kb8 59. Nd6 h3 60. a7# 1-0


[Site "https://www.chess.com"]